 Dungeon Crawl Stone Soup version 0.29.1-12-g30fa7ad0bf (webtiles) character file.

Game seed: 5658091915973708256

645 croobank the Conjurer (level 7, -13/52 HPs)
             Began as a Demonspawn Conjurer on Dec 25, 2022.
             Mangled by an ogre
             ... wielding a +0 giant club
              (26 damage)
             ... on level 6 of the Dungeon.
             The game lasted 00:13:43 (5906 turns).

croobank the Conjurer (Demonspawn Conjurer)         Turns: 5906, Time: 00:13:44

Health: -13/52     AC:  3    Str:  8    XL:     7   Next: 27%
Magic:  6/12       EV: 12    Int: 21    God:
Gold:   316        SH:  0    Dex: 11    Spells: 7/13 levels left

rFire   . . .      SeeInvis .   n - +5 dagger
rCold   . . .      Faith    .   (no shield)
rNeg    . . .      Spirit   .   a - +0 robe
rPois   .          Reflect  .   (no helmet)
rElec   .          Harm     .   (no cloak)
rCorr   .          Rampage  .   (no gloves)
Will    .....                   h - +0 pair of boots
Stlth   ++........              (no amulet)
HPRegen 0.17/turn               (no ring)
MPRegen 0.13/turn               (no ring)

@: mighty, very slightly contaminated
A: weakness stinger 2, demonic touch 1
a: no special abilities


You were on level 6 of the Dungeon.
You visited 1 branch of the dungeon, and saw 6 of its levels.

You collected 316 gold pieces.

Inventory:

Hand Weapons
 e - a +1 dagger of venom
 n - a +5 dagger (weapon)
Missiles
 f - 6 javelins
 g - 10 poisoned darts
Armour
 a - a +0 robe (worn)
 h - a +0 pair of boots (worn)
Magical Staves
 d - a staff of death
Wands
 k - a wand of polymorph (5)
Scrolls
 c - 3 scrolls of teleportation
 m - a scroll of blinking
Potions
 b - 2 potions of magic
 i - a potion of berserk rage
 j - 4 potions of curing
 p - a potion of lignification
 q - 2 potions of attraction
 t - a potion of ambrosia
 u - 2 potions of invisibility


   Skills:
 * Level 3.4 Fighting
 + Level 3.3 Dodging
 + Level 3.5 Stealth
 + Level 3.5 Spellcasting
 + Level 5.1 Conjurations
 + Level 2.1 Hexes


You had 7 spell levels left.
You knew the following spells:

 Your Spells              Type           Power      Damage    Failure   Level
a - Magic Dart            Conj           100%       1d8       1%          1
b - Searing Ray           Conj           50%        2d6       2%          2
c - Dazzling Flash        Conj/Hex       38%        N/A       9%          3

Your spell library contained the following spells:

 Spells                   Type           Power      Damage    Failure   Level
 Freeze                   Ice            12%        1d4       13%         1
 Scorch                   Fire           6%         2d5       19%         2
 Fulminant Prism          Conj/Hex       9%         3d7       28%         4
 Frozen Ramparts          Ice            6%         1d1       36%         3
 Flame Wave               Conj/Fire      14%        2d6       41%         4
 Hailstorm                Conj/Ice       14%        3d5       41%         4
 Iskenderun's Mystic Bla  Conj/Tloc      14%        2d5       41%         4
 Summon Mana Viper        Hex/Summ       8%         N/A       92%         5
 Summon Forest            Summ/Tloc      1%         N/A       98%         5
 Summon Cactus Giant      Summ           1%         N/A       100%        6


Dungeon Overview and Level Annotations

Branches:
Dungeon (6/15)
 Temple: D:4-7

Altars:
Ashenzari
Cheibriados
Ru
Trog
Vehumet

Shops:
D:3 *   D:4 (

Annotations:
D:4 3 runed translucent doors, superradish's ghost, weakling DsDe
D:5 1 runed translucent door, hawla's ghost, amateur MeIE
D:6 1 runed translucent door, Crazy Yiuf


Innate Abilities, Weirdness & Mutations

You have a tail ending in a sharp stinger.
Your touch may inflict minor irresistible damage on your foes.


Message History

* * * LOW HITPOINT WARNING * * *
You puncture the orc wizard!
You kill the orc wizard!
You now have 301 gold pieces (gained 13).
There is a stone staircase leading down here.
You open the door.
There is an open door here.
Found 15 gold pieces.
You see here 15 gold pieces.
You hear the hiss of a distant avalanche of sand.
An ogre comes into view. It is wielding a +0 giant club.
You see here 15 gold pieces.
You now have 316 gold pieces (gained 15).
The ogre closely misses you.
You puncture the ogre!
The ogre is heavily wounded.
The ogre misses you.
Casting: Searing Ray (safe; 2% risk of failure)
Confirm with . or Enter, or press ? or * to list all spells.
Aiming: Searing Ray (safe; 2% risk of failure)
Press: ? - help, Shift-Dir - straight line, f - ogre
Aim: an ogre, wielding a +0 giant club (heavily wounded, 90% to hit)
Okay, then.
Casting: Searing Ray (safe; 2% risk of failure)
Confirm with . or Enter, or press ? or * to list all spells.
Casting: Dazzling Flash (dangerous; 9% risk of failure)
Press: ? - help, Dir - look around, f - activate You miscast Dazzling Flash.
You are very lightly contaminated with residual magic.
Nothing appears to happen.
Unknown command.
Casting: Dazzling Flash (dangerous; 9% risk of failure)
Confirm with . or Enter, or press ? or * to list all spells.
Casting: Dazzling Flash (dangerous; 9% risk of failure)
Press: ? - help, Dir - look around, f - activate The ogre closely misses you.
The ogre attacks as you move away!
The ogre hits you with a +0 giant club!!
Ouch! That really hurt!
You die...

###.≈ #.##.......# #
#...#§≈.##.##.......#
#
#._.#§≈))........>..#
#
#...#.≈.#########'###
# ###.#.≈.# #.# #
....sl≈.#########.# #
≈§≈≈≈§≈...........# #
......O.#########.# #
# #@........#.# #
#.#######.#.######
#.#.......#.......
#.#........<#.####
#.#########.#.# #..
........#.# ###
#######.#.# #....))#
###'####


You could see an ogre, a scorpion and an iguana.

Vanquished Creatures
  A black bear (D:5)
  2 scorpions (D:5)
  A howler monkey (D:4)
  A crimson imp (D:4)
  An iron imp (D:6)
  3 orc priests (D:6)
  2 jellies (D:4)
  An orc wizard (D:6)
  6 adders
  A shadow imp (D:5)
  An ufetubus (D:6)
  2 worms
  A dart slug (D:1)
  6 orcs
  10 ball pythons
  2 bats
  10 endoplasms
  5 giant cockroaches
  7 goblins
  5 hobgoblins
  7 jackals
  4 kobolds
  3 quokkas
  6 frilled lizards
  A goblin skeleton (D:4)
  A goblin zombie (D:4)
  A hobgoblin zombie (D:4)
  2 kobold skeletons (D:4)
  An orc skeleton (D:4)
  2 orc zombies (D:4)
  5 rats
101 creatures vanquished.

Vanquished Creatures (others)
  A fungus (D:2)
  3 plants (D:2)
4 creatures vanquished.

Grand Total: 105 creatures vanquished

Notes
Turn   | Place    | Note
-------+----------+-------------------------------------------
     0 | D:1      | croobank the Demonspawn Conjurer began the quest for the
                  | Orb.
     0 | D:1      | Reached XP level 1. HP: 13/13 MP: 3/3
   587 | D:1      | Discovered your monstrous ancestry.
   587 | D:1      | Gained mutation: You have a small tail. [demonic ancestry]
   587 | D:1      | Reached XP level 2. HP: 19/19 MP: 0/5
   590 | D:1      | Learned a level 2 spell: Searing Ray
  1488 | D:2      | Found a faded altar of an unknown god.
  1867 | D:2      | Reached XP level 3. HP: 23/24 MP: 6/6
  1871 | D:2      | Learned a level 3 spell: Dazzling Flash
  2843 | D:3      | Found Usaism's Assorted Antiques.
  3003 | D:3      | Reached XP level 4. HP: 18/30 MP: 4/7
  3290 | D:4      | Found a runed translucent gate.
  3290 | D:4      | Found a runed translucent gate.
  3290 | D:4      | Found a runed translucent gate.
  3331 | D:4      | Noticed superradish's ghost (weakling DsDe)
  3333 | D:4      | Identified the +6 short sword of Indignation {drain, rElec
                  | rCorr Str-2 Dex+2}
  3333 | D:4      | Identified the +1 scale mail of Fun and Games {rElec Str-3
                  | Int-2 Dex+9}
  3439 | D:4      | Reached skill level 1 in Fighting
  3439 | D:4      | Reached XP level 5. HP: 19/37 MP: 2/9
  3610 | D:4      | Reached skill level 1 in Hexes
  3739 | D:4      | Found Luraxuk's Antique Weapon Emporium.
  3767 | D:4      | Found a bloodstained altar of Trog.
  3879 | D:4      | Found a broken altar of Ashenzari.
  4239 | D:5      | Entered Level 5 of the Dungeon
  4251 | D:5      | Gained mutation: Your touch may inflict minor irresistible
                  | damage on your foes. [demonic ancestry]
  4251 | D:5      | Reached XP level 6. HP: 34/44 MP: 4/10
  5011 | D:5      | Reached skill level 5 in Conjurations
  5078 | D:5      | Found a runed translucent door.
  5179 | D:5      | Noticed hawla's ghost (amateur MeIE)
  5613 | D:6      | Found a radiant altar of Vehumet.
  5651 | D:6      | Found a runed translucent door.
  5652 | D:6      | Noticed Crazy Yiuf
  5707 | D:6      | Gained mutation: You have a tail ending in a sharp stinger.
                  | [demonic ancestry]
  5707 | D:6      | Reached XP level 7. HP: 15/52 MP: 8/12
  5767 | D:6      | Found a snail-covered altar of Cheibriados.
  5856 | D:6      | Found a sacrificial altar of Ru.
  5906 | D:6      | Mangled by an ogre

Illustrated notes

Levels and vault maps discovered:
D:1:      tarquinn_simple_flora_water_a, layout_loops_ring
D:2:      layout_loops_cross, shapermc_ecumenical_altar_ellora,
          hangedman_decor_opposing
D:3:      layout_basic, serial_shops, nicolae_lakefront_shop, minmay_quantized
D:4:      layout_loops_cross, nicolae_tso_besieged_by_evil,
          nicolae_ashenzari_skybound, amcnicky_altar_gilded, serial_shops,
          kennysheep_little_box, biasface_ghost_orc_armoury
D:5:      layout_loops_cross, mainiacjoe_overflow_boulevard,
          ebering_ghost_reflecting_pool
D:6:      layout_basic, mainiacjoe_overflow_brackets, slow_altar_1,
          nicolae_vehumet_altar_sigil, minmay_temple_entry_antechambers,
          nicolae_ossuary_entry_plus, uniq_crazy_yiuf_cottage

Skill      XL: |  1  2  3  4  5  6  7 |
---------------+----------------------+-----
Stealth        | 2 3 |  3.5
Dodging        | 2 3 |  3.3
Fighting       | 1 2 3 |  3.4
Spellcasting   | 3 |  3.5
Hexes          | 1 2 |  2.1
Conjurations   | 5 |  5.1

Action                   |  1- 3 |  4- 6 |  7- 9 || total
-------------------------+-------+-------+-------++-------
Melee: Dagger            |   115 |    97 |    17 ||   229
       Tailslap          |    14 |    14 |     1 ||    29
       Punch             |     1 |     1 |       ||     2
       Touch             |       |     3 |     2 ||     5
 Cast: Magic Dart        |    10 |     2 |       ||    12
       Searing Ray       |     2 |    12 |     1 ||    15
       Dazzling Flash    |       |     2 |     1 ||     3
  Use: Scroll            |       |    14 |       ||    14
       Potion            |       |     1 |     1 ||     2
 Stab: Sleeping          |     9 |    10 |       ||    19
Armor: Robe              |    17 |    26 |     2 ||    45
Dodge: Dodged            |    48 |    75 |    14 ||   137
